 Dungeon Crawl Stone Soup version 0.30-a0-879-ga8ba668304 (webtiles) character file.

Game seed: 12703391751986437236

91 Zenkrye the Poker (level 4, -3/52 HPs)
             Began as a Human Cinder Acolyte on Mar 13, 2023.
             Was a High Priest of Ignis.
             Slain by an iguana (8 damage)
             ... on level 2 of the Dungeon.
             The game lasted 00:03:20 (1874 turns).

Zenkrye the Poker (Human Cinder Acolyte)            Turns: 1874, Time: 00:03:21

Health: -3/52      AC:  4    Str: 16    XL:     4   Next: 87%
Magic:  0/6        EV: 11    Int: 14    God:    Ignis [*****.]
Gold:   141        SH:  0    Dex:  9    Spells: 4/6 levels left

rFire   + . .      SeeInvis .    a - -1 spear (flame)
rCold   . . .      Faith    .    (no shield)
rNeg    . . .      Spirit   +    b - +0 robe
rPois   .          Reflect  .    g - +0 helmet
rElec   .          Rampage  .    (no cloak)
rCorr   .                        h - +0 pair of gloves
Will    .....                    (no boots) Stlth
                                 d - amulet of guardian spirit
HPRegen 0.28/turn                (no ring)
MPRegen 0.10/turn                (no ring)

@: berserking, very quick
A: no striking features
a: Renounce Religion, Fiery Armour, Foxfire Swarm, Rising Flame


You were on level 2 of the Dungeon.
You worshipped Ignis.
Ignis was extremely pleased with you.
You visited 1 branch of the dungeon, and saw 3 of its levels.

You collected 141 gold pieces.

Inventory:

Hand Weapons
 a - a -1 spear of flaming (weapon)
 l - a +0 spear
Missiles
 c - 2 boomerangs (quivered)
Armour
 b - a +0 robe (worn)
 f - a +0 cloak
 g - a +0 helmet (worn)
 h - a +0 pair of gloves (worn)
Jewellery
 d - an amulet of guardian spirit (around neck)
Scrolls
 e - a scroll of magic mapping
 i - 2 scrolls of identify {@r1}


   Skills:
 - Level 3.0 Fighting
 * Level 4.9 Polearms
 + Level 1.6 Spellcasting
 - Level 3.0 Fire Magic


You had 4 spell levels left.
You knew the following spells:

 Your Spells              Type           Power      Damage    Failure   Level
a - Scorch                Fire           18%        2d5       11%         2

Your spell library contained the following spells:

 Spells                   Type           Power      Damage    Failure   Level
 Blink                    Tloc           2%         N/A       36%         2
 Lesser Beckoning         Tloc           2%         N/A       36%         2
 Momentum Strike          Conj/Tloc      2%         3d8       36%         2


Dungeon Overview and Level Annotations

Branches:
Dungeon (3/15)

Altars:
Cheibriados


Message History

Found a quarterstaff.
Found a stone staircase leading up.
The iguana hisses angrily.
You see here a dart slug corpse.
A goblin comes into view.
It is wielding a +1 dagger of electrocution.
The goblin shouts!
A giant cockroach comes into view.
The goblin unwields a +1 dagger of electrocution.
It stops crackling.
The goblin wields a +0 sling.
The goblin shoots a sling bullet.
The sling bullet closely misses you.
Found 16 gold pieces.
You reach to attack!
You barely miss the iguana.
The iguana bites you but does no damage.
The goblin shoots a sling bullet.
The sling bullet hits you.
You hear an angry hiss.
There is a stone staircase leading up here.
The iguana bites you!
You climb upwards.
There is a stone staircase leading down here.
You hit the iguana. You burn the iguana.
The iguana is moderately wounded.
The iguana bites you!
You are too injured to fight recklessly!
You are too injured to fight recklessly!
You are too injured to fight recklessly!
You are too injured to fight recklessly!
Casting: Scorch (safe; 11% risk of failure)
Confirm with . or Enter, or press ? or * to list all spells.
Flames lash the iguana but do no damage.
The iguana bites you!
* * * LOW HITPOINT WARNING * * *
Casting: Scorch (safe; 11% risk of failure)
Confirm with . or Enter, or press ? or * to list all spells.
You don't have enough magic to cast this spell.
A red film seems to cover your vision as you go berserk!
You feel yourself moving faster!
You feel mighty! The iguana closely misses you.
You closely miss the iguana.
The iguana is moderately wounded.
The iguana bites you!
You die...

...............# #.#.#
.............#.# #.#.#
.......#######.# #...#
'#######...# #.# #..## .#
#...# #.# ##..# .# #..>#
#.###..####### .# #...#
#............# .#
#...####l.#........#######
.#
#...'....@#...............
.#
#...########'######.######
.# ##'## #.# #.##.... .#
#.# #.# #.##.### .# #.#
#.# #.##.#<# .# #.# #.#
#.##.#.# .# #.# #.#
#.##.#.# .# #.# #.#
#.##.#.# .########.#
#.######.##.#.#


You could see an iguana.

Vanquished Creatures
  4 gnolls (D:2)
  An adder (D:2)
  A worm (D:2)
  3 dart slugs
  An orc (D:3)
  5 bats
  3 endoplasms
  3 giant cockroaches
  2 goblins
  2 hobgoblins
  2 kobolds (D:1)
  2 ball pythons
  4 frilled lizards
  2 rats (D:1)
35 creatures vanquished.

Notes
Turn   | Place    | Note
-------+----------+-------------------------------------------
     0 | D:1      | Zenkrye the Human Cinder Acolyte began the quest for the
                  | Orb.
     0 | D:1      | Reached XP level 1. HP: 18/18 MP: 2/2
   215 | D:1      | Reached XP level 2. HP: 24/24 MP: 3/3
   218 | D:1      | Learned a level 2 spell: Scorch
   643 | D:1      | Reached skill level 4 in Polearms
   643 | D:1      | Reached XP level 3. HP: 29/29 MP: 4/4
  1161 | D:2      | Reached XP level 4. HP: 24/35 MP: 2/5
  1859 | D:3      | Found a snail-covered altar of Cheibriados.
  1874 | D:2      | Slain by an iguana

Illustrated notes

Levels and vault maps discovered:
D:1:      matt_arrival_refuge, layout_loops_ring
D:2:      layout_basic
D:3:      layout_rooms, mainiacjoe_overflow_alcove_1, tso_altar,
          grunt_decor_one_mirror, lightli_corner_chamber, uniq_grinder

Skill      XL: |  1  2 |
---------------+-------+-----
Polearms       | 4 |  4.9
Fighting       | |  3.0
Spellcasting   | |  1.6
Fire Magic     | |  3.0

Action                     |  1- 3 |  4- 6 || total
---------------------------+-------+-------++-------
  Melee: Spear             |    99 |    46 ||   145
   Cast: Scorch            |     2 |     4 ||     6
    Use: Scroll            |     2 |     3 ||     5
         Potion            |       |     1 ||     1
   Stab: Sleeping          |     1 |     1 ||     2
 Armour: Robe              |    22 |     7 ||    29
  Dodge: Dodged            |    45 |    13 ||    58

Table legend: (Time is in decaauts)
 A = Elapsed time spent in this place.
 B = Non-inter-level travel time spent in this place.
 C = Inter-level travel time spent in this place.
 D = Time resting spent in this place.
 E = Time spent auto-exploring this place.
 F = Levels seen in this place.
 G = Mean time per level.
                   A        B        C        D        E       F      G
               +--------+--------+--------+--------+--------+-----+--------+
         Total |   1857 |   1793 |     64 |     98 |   1409 |   3 |  619.0 |
       Dungeon |   1857 |   1793 |     64 |     98 |   1409 |   3 |  619.0 |
               +--------+--------+--------+--------+--------+-----+--------+

Top non-repeatable levels by time:
     D:1: 980 daAuts
     D:2: 770 daAuts
     D:3: 106 daAuts
